[ AOE2 MATCH · #468222829 ]
UnrankedByzantines vs Khmer
Player's team · LOSS
Rival team · WIN
[ REPLAY ANALYSIS · EXTRACTED FROM THE RECORDED GAME ]
Feudal
9:38
Castle
22:10
Imperial
—
| APM avg | 56.7 |
| APM peak | 121 |
| eAPM avg | 22.3 |
| Villagers / military | 137 / 78 |
Focus
⚔️ 28.2% · 🌾 71.8%
Camel Scout ×31 · Skirmisher ×25 · Archer ×8 · Militia ×4 · Monk ×3 · Knight ×2
Feudal
10:32
Castle
21:17
Imperial
39:57
| APM avg | 44.2 |
| APM peak | 91 |
| eAPM avg | 18.9 |
| Villagers / military | 120 / 64 |
Focus
⚔️ 29.2% · 🌾 70.8%
Knight ×24 · Spearman ×16 · Ballista Elephant ×11 · Monk ×4 · Skirmisher ×4 · Scout Cavalry ×3
Match map
Initial resources + every placement click. Lines = walls · curves = elevation contours. ◆ gold · ⬟ stone · ● berries · ✦ relic · ◌ wall gap
Inputs per minute
— Mister double you - - Shuljo
Build order — Mister double you
First 150 of 358 actions detected
| 0:01 | Create | Villager (Male) |
| 0:01 | Create | Villager (Male) |
| 0:01 | Create | Villager (Male) |
| 0:01 | Create | Villager (Male) |
| 0:02 | Build | House |
| 0:03 | Build | House |
| 1:23 | Create | Villager (Male) |
| 1:45 | Build | Lumber Camp |
| 1:54 | Create | Villager (Male) |
| 2:28 | Create | Villager (Male) |
| 2:48 | Build | House |
| 2:53 | Create | Villager (Male) |
| 3:08 | Create | Villager (Male) |
| 3:44 | Create | Villager (Male) |
| 4:02 | Create | Villager (Male) |
| 4:02 | Create | Villager (Male) |
| 4:32 | Create | Villager (Male) |
| 4:32 | Create | Villager (Male) |
| 5:09 | Create | Villager (Male) |
| 5:34 | Build | Barracks |
| 5:53 | Create | Villager (Male) |
| 5:54 | Create | Villager (Male) |
| 5:54 | Create | Villager (Male) |
| 5:54 | Create | Villager (Male) |
| 5:54 | Create | Villager (Male) |
| 5:57 | Research | Loom |
| 6:35 | Create | Militia |
| 6:35 | Create | Militia |
| 6:36 | Create | Militia |
| 7:24 | Build | House |
| 7:28 | Research | Feudal Age |
| 7:28 | Create | Villager (Male) |
| 7:28 | Research | Feudal Age |
| 7:38 | Build | Mining Camp |
| 8:24 | Create | Villager (Male) |
| 8:24 | Create | Villager (Male) |
| 8:53 | Build | Mill |
| 8:54 | Create | Villager (Male) |
| 9:07 | Create | Militia |
| 9:13 | Create | Villager (Male) |
| 9:38 | Age | Feudal Age |
| 9:43 | Research | Man-at-Arms (upgrade) |
| 9:53 | Create | Villager (Male) |
| 10:00 | Research | Double-Bit Axe |
| 10:00 | Research | Double-Bit Axe |
| 10:18 | Create | Villager (Male) |
| 10:32 | Build | Farm |
| 10:33 | Build | Farm |
| 10:54 | Create | Villager (Male) |
| 10:57 | Build | Farm |
| 11:01 | Build | Farm |
| 11:04 | Create | Villager (Male) |
| 11:07 | Build | House |
| 11:25 | Build | Farm |
| 11:38 | Build | House |
| 11:40 | Build | Palisade Wall |
| 11:42 | Build | Palisade Wall |
| 11:43 | Create | Villager (Male) |
| 11:45 | Create | Spearman |
| 12:12 | Build | Farm |
| 12:14 | Build | Farm |
| 12:15 | Build | Farm |
| 12:16 | Build | Farm |
| 12:18 | Create | Villager (Male) |
| 12:28 | Build | Archery Range |
| 12:35 | Create | Villager (Male) |
| 12:39 | Build | House |
| 12:50 | Create | Villager (Male) |
| 12:55 | Build | Farm |
| 12:57 | Build | Farm |
| 13:14 | Build | Palisade Wall |
| 13:15 | Create | Villager (Male) |
| 13:24 | Build | Farm |
| 13:30 | Create | Villager (Male) |
| 13:35 | Build | Palisade Wall |
| 13:36 | Build | Palisade Wall |
| 13:37 | Build | Palisade Wall |
| 13:42 | Build | Palisade Wall |
| 13:46 | Build | House |
| 13:56 | Create | Villager (Male) |
| 13:58 | Create | Archer |
| 13:58 | Create | Archer |
| 14:05 | Build | House |
| 14:15 | Build | House |
| 14:25 | Create | Villager (Male) |
| 14:27 | Create | Archer |
| 14:43 | Create | Archer |
| 14:49 | Build | Farm |
| 14:55 | Create | Villager (Male) |
| 15:02 | Build | Farm |
| 15:07 | Create | Villager (Male) |
| 15:15 | Create | Villager (Male) |
| 15:30 | Create | Villager (Male) |
| 15:38 | Create | Villager (Male) |
| 16:14 | Create | Villager (Male) |
| 16:25 | Create | Archer |
| 16:25 | Create | Archer |
| 16:30 | Build | Market |
| 16:32 | Create | Villager (Male) |
| 16:35 | Create | Archer |
| 16:42 | Create | Villager (Male) |
| 16:55 | Create | Spearman |
| 16:59 | Create | Villager (Male) |
| 17:08 | Create | Villager (Male) |
| 17:15 | Build | Farm |
| 17:15 | Build | Farm |
| 17:28 | Create | Villager (Male) |
| 17:35 | Build | House |
| 17:38 | Build | Palisade Wall |
| 17:42 | Build | Building 796 |
| 17:47 | Create | Villager (Male) |
| 17:52 | Build | House |
| 18:00 | Create | Villager (Male) |
| 18:05 | Create | Villager (Male) |
| 18:19 | Create | Villager (Male) |
| 18:32 | Build | House |
| 18:34 | Build | Palisade Wall |
| 18:36 | Build | Palisade Wall |
| 18:37 | Build | Palisade Wall |
| 18:55 | Build | House |
| 19:14 | Create | Villager (Male) |
| 19:18 | Research | Castle Age |
| 19:18 | Research | Castle Age |
| 19:22 | Create | Villager (Male) |
| 19:29 | Build | House |
| 19:33 | Build | Farm |
| 19:41 | Create | Villager (Male) |
| 20:00 | Create | Villager (Male) |
| 20:15 | Build | Blacksmith |
| 20:29 | Build | Farm |
| 20:55 | Create | Villager (Male) |
| 21:01 | Create | Villager (Male) |
| 21:31 | Create | Villager (Male) |
| 22:03 | Create | Villager (Male) |
| 22:10 | Age | Castle Age |
| 22:12 | Create | Villager (Male) |
| 22:15 | Build | Stable |
| 22:29 | Create | Villager (Male) |
| 23:06 | Build | House |
| 23:11 | Create | Camel Scout |
| 23:12 | Create | Camel Scout |
| 23:15 | Build | Stable |
| 23:20 | Research | Scale Barding Armor |
| 23:23 | Build | Farm |
| 23:25 | Build | Farm |
| 23:28 | Research | Husbandry |
| 23:29 | Create | Camel Scout |
| 23:32 | Research | Forging |
| 23:42 | Build | Palisade Wall |
| 23:49 | Build | Palisade Wall |
Build order — Shuljo
First 150 of 340 actions detected
| 0:00 | Create | Villager (Male) |
| 0:00 | Create | Villager (Male) |
| 0:01 | Create | Villager (Male) |
| 0:01 | Create | Villager (Male) |
| 0:01 | Create | Villager (Male) |
| 0:02 | Build | House |
| 0:05 | Build | House |
| 0:08 | Build | House |
| 1:53 | Create | Villager (Male) |
| 1:53 | Create | Villager (Male) |
| 2:13 | Build | Lumber Camp |
| 2:59 | Create | Villager (Male) |
| 2:59 | Create | Villager (Male) |
| 3:29 | Create | Villager (Male) |
| 3:29 | Create | Villager (Male) |
| 4:19 | Create | Villager (Male) |
| 4:19 | Create | Villager (Male) |
| 4:26 | Build | House |
| 4:41 | Build | Mill |
| 4:42 | Create | Villager (Male) |
| 5:09 | Create | Villager (Male) |
| 5:45 | Create | Villager (Male) |
| 5:45 | Create | Villager (Male) |
| 5:45 | Create | Villager (Male) |
| 6:47 | Build | House |
| 7:22 | Create | Villager (Male) |
| 7:53 | Research | Loom |
| 8:22 | Research | Feudal Age |
| 8:30 | Build | Barracks |
| 9:21 | Build | Palisade Wall |
| 9:24 | Build | House |
| 9:28 | Build | Palisade Gate |
| 10:01 | Build | Palisade Wall |
| 10:29 | Build | House |
| 10:32 | Age | Feudal Age |
| 10:34 | Build | Palisade Gate |
| 10:40 | Build | Stable |
| 11:02 | Create | Villager (Male) |
| 11:03 | Create | Villager (Male) |
| 11:11 | Build | Palisade Wall |
| 11:14 | Build | Palisade Wall |
| 11:15 | Build | Palisade Wall |
| 11:16 | Build | Palisade Wall |
| 11:17 | Build | Palisade Wall |
| 11:18 | Build | Palisade Wall |
| 11:20 | Build | Palisade Wall |
| 11:21 | Build | Palisade Wall |
| 11:31 | Build | Building 804 |
| 11:34 | Create | Villager (Male) |
| 11:34 | Create | Villager (Male) |
| 11:40 | Create | Scout Cavalry |
| 11:40 | Create | Scout Cavalry |
| 11:40 | Create | Scout Cavalry |
| 11:51 | Build | Palisade Wall |
| 12:09 | Create | Villager (Male) |
| 12:14 | Research | Double-Bit Axe |
| 12:29 | Build | Farm |
| 12:32 | Build | Farm |
| 12:36 | Build | Farm |
| 12:45 | Create | Villager (Male) |
| 12:49 | Build | Farm |
| 12:55 | Create | Villager (Male) |
| 12:59 | Build | House |
| 13:19 | Create | Villager (Male) |
| 13:22 | Build | Palisade Wall |
| 13:24 | Build | Palisade Wall |
| 13:26 | Build | Palisade Wall |
| 13:54 | Create | Villager (Male) |
| 14:23 | Build | Farm |
| 14:27 | Build | Farm |
| 14:31 | Build | Farm |
| 14:35 | Research | Horse Collar |
| 14:37 | Create | Villager (Male) |
| 14:44 | Build | Market |
| 14:48 | Create | Villager (Male) |
| 15:26 | Build | Lumber Camp |
| 16:08 | Build | Farm |
| 16:11 | Build | Palisade Wall |
| 16:24 | Create | Villager (Male) |
| 16:24 | Create | Villager (Male) |
| 16:26 | Research | Wheelbarrow |
| 16:33 | Build | Farm |
| 17:00 | Build | Farm |
| 17:07 | Build | Farm |
| 17:24 | Build | Mining Camp |
| 17:41 | Build | Palisade Wall |
| 17:44 | Build | Palisade Wall |
| 17:46 | Build | Palisade Wall |
| 17:48 | Build | Palisade Wall |
| 18:02 | Build | Palisade Wall |
| 18:24 | Build | Palisade Wall |
| 18:37 | Research | Castle Age |
| 19:07 | Build | Farm |
| 19:48 | Build | Archery Range |
| 20:09 | Build | Blacksmith |
| 20:15 | Create | Skirmisher |
| 20:16 | Create | Skirmisher |
| 20:16 | Create | Skirmisher |
| 20:33 | Build | Mining Camp |
| 21:06 | Create | Skirmisher |
| 21:08 | Research | Fletching |
| 21:17 | Age | Castle Age |
| 21:22 | Build | House |
| 21:24 | Create | Knight |
| 21:24 | Create | Knight |
| 22:26 | Create | Villager (Male) |
| 22:26 | Create | Villager (Male) |
| 22:30 | Build | Town Center |
| 22:45 | Create | Knight |
| 22:45 | Create | Knight |
| 22:46 | Create | Knight |
| 22:49 | Research | Scale Barding Armor |
| 22:56 | Research | Bow Saw |
| 23:01 | Build | Farm |
| 23:08 | Build | Farm |
| 23:12 | Build | Farm |
| 23:26 | Create | Villager (Male) |
| 23:27 | Create | Villager (Male) |
| 23:32 | Build | Farm |
| 23:33 | Build | Farm |
| 24:03 | Create | Villager (Male) |
| 24:03 | Create | Villager (Male) |
| 24:03 | Create | Villager (Male) |
| 24:16 | Build | Farm |
| 24:31 | Build | House |
| 24:32 | Build | House |
| 24:33 | Build | House |
| 24:34 | Build | House |
| 24:35 | Build | House |
| 24:36 | Build | House |
| 24:38 | Create | Villager (Male) |
| 24:38 | Create | Villager (Male) |
| 25:21 | Build | Monastery |
| 25:22 | Create | Villager (Male) |
| 25:23 | Create | Villager (Male) |
| 25:23 | Create | Villager (Male) |
| 25:23 | Create | Villager (Male) |
| 25:35 | Research | Pikeman (upgrade) |
| 25:35 | Create | Spearman |
| 25:35 | Create | Spearman |
| 25:35 | Create | Spearman |
| 25:58 | Create | Villager (Male) |
| 26:00 | Create | Villager (Male) |
| 26:00 | Create | Villager (Male) |
| 26:16 | Create | Villager (Male) |
| 26:16 | Create | Villager (Male) |
| 26:16 | Create | Villager (Male) |
| 26:30 | Build | Town Center |
| 26:34 | Create | Villager (Male) |
| 26:36 | Create | Villager (Male) |
Match timeline
| 5:34 | Mister double you · first_building Barracks |
| 8:30 | Shuljo · first_building Barracks |
| 9:21 | Shuljo · wall_segment Palisade Wall x1 |
| 9:38 | Mister double you · age_up feudal |
| 10:01 | Shuljo · wall_segment Palisade Wall x20 |
| 10:32 | Shuljo · age_up feudal |
| 10:40 | Shuljo · first_building Stable |
| 11:11 | Shuljo · wall_segment Palisade Wall x1 |
| 11:14 | Shuljo · wall_segment Palisade Wall x1 |
| 11:15 | Shuljo · wall_segment Palisade Wall x1 |
| 11:16 | Shuljo · wall_segment Palisade Wall x1 |
| 11:17 | Shuljo · wall_segment Palisade Wall x1 |
| 11:18 | Shuljo · wall_segment Palisade Wall x1 |
| 11:20 | Shuljo · wall_segment Palisade Wall x1 |
| 11:21 | Shuljo · wall_segment Palisade Wall x1 |
| 11:40 | Mister double you · wall_segment Palisade Wall x4 |
| 11:42 | Mister double you · wall_segment Palisade Wall x4 |
| 11:51 | Shuljo · wall_segment Palisade Wall x1 |
| 12:28 | Mister double you · first_building Archery Range |
| 13:14 | Mister double you · wall_segment Palisade Wall x9 |
| 13:22 | Shuljo · wall_segment Palisade Wall x1 |
| 13:24 | Shuljo · wall_segment Palisade Wall x1 |
| 13:26 | Shuljo · wall_segment Palisade Wall x1 |
| 13:35 | Mister double you · wall_segment Palisade Wall x1 |
| 13:36 | Mister double you · wall_segment Palisade Wall x1 |
| 13:37 | Mister double you · wall_segment Palisade Wall x1 |
| 13:42 | Mister double you · wall_segment Palisade Wall x1 |
| 16:11 | Shuljo · wall_segment Palisade Wall x1 |
| 17:38 | Mister double you · wall_segment Palisade Wall x7 |
| 17:41 | Shuljo · wall_segment Palisade Wall x1 |
| 17:44 | Shuljo · wall_segment Palisade Wall x1 |
| 17:46 | Shuljo · wall_segment Palisade Wall x1 |
| 17:48 | Shuljo · wall_segment Palisade Wall x1 |
| 18:02 | Shuljo · wall_segment Palisade Wall x1 |
| 18:24 | Shuljo · wall_segment Palisade Wall x1 |
| 18:32 | Shuljo · first_market_sell 100 food |
| 18:34 | Mister double you · wall_segment Palisade Wall x4 |
| 18:36 | Mister double you · wall_segment Palisade Wall x2 |
| 18:37 | Mister double you · wall_segment Palisade Wall x2 |
| 19:48 | Shuljo · first_building Archery Range |
| 20:06 | Mister double you · first_market_sell 100 food |
| 20:07 | Mister double you · first_market_buy 100 wood |
| 21:17 | Shuljo · age_up castle |
| 22:10 | Mister double you · age_up castle |
| 22:15 | Mister double you · first_building Stable |
| 23:42 | Mister double you · wall_segment Palisade Wall x1 |
| 23:49 | Mister double you · wall_segment Palisade Wall x1 |
| 23:56 | Mister double you · wall_segment Palisade Wall x1 |
| 25:21 | Shuljo · first_building Monastery |
| 26:23 | Mister double you · first_building Monastery |
| 34:17 | Mister double you · first_building Castle |
| 34:45 | Shuljo · first_building Castle |
| 36:29 | Mister double you · wall_segment Stone Wall x8 |
| 37:01 | Mister double you · wall_segment Stone Wall x3 |
| 37:03 | Mister double you · wall_segment Stone Wall x1 |
| 37:09 | Mister double you · wall_segment Stone Wall x1 |
| 37:58 | Shuljo · first_market_buy 100 wood |
| 38:42 | Shuljo · first_building Siege Workshop |
| 39:57 | Shuljo · age_up imperial |
| 40:13 | Mister double you · resign |
[ AI ANALYSIS · 1 CREDIT ]
What really happened in this match?
Wolo.gg analyzes every decision: build order, eco, micro, common mistakes by bracket. Personalized analysis on WhatsApp or Discord in 30 seconds.
Civ guide
Byzantines
Perfil
Jugador #24555011